 Dungeon Crawl Stone Soup version 0.29.1-4-g47bece8355 (webtiles) character file.

Game seed: 10562998604302717341

53 Hiippo the Trooper (level 4, 0/37 HPs)
             Began as a Formicid Abyssal Knight on Dec 1, 2022.
             Was a Believer of Lugonu.
             Succumbed to Terence's poison
             ... on level 1 of the Dungeon.
             The game lasted 00:07:21 (2268 turns).

Hiippo the Trooper (Formicid Abyssal Knight)        Turns: 2268, Time: 00:07:22

Health: 0/37       AC:  4    Str: 19    XL:     4   Next: 11%
Magic:  6/6        EV: 11    Int: 10    God:    Lugonu [**....]
Gold:   101        SH:  0    Dex: 14    Spells: 3/3 levels left

rFire   . . .      SeeInvis +   a - +1 mace
rCold   . . .      Faith    .   (no shield)
rNeg    . . .      Spirit   .   b - +0 leather armour
rPois   .          Reflect  .   (helmet unavailable)
rElec   .          Harm     .   (no cloak)
rCorr   .          Rampage  .   (no gloves)
Will    +....                   k - +0 pair of boots
Stlth   +.........              (no amulet)
HPRegen 0.12/turn               m - ring of willpower
MPRegen 0.10/turn               (no ring)

@: lethally poisoned (0 -> -1)
A: permanent stasis, dig shafts and tunnels, antennae 3, four strong arms
a: Dig, Shaft Self, Renounce Religion, Depart the Abyss, Bend Space


You were on level 1 of the Dungeon.
You worshipped Lugonu.
Lugonu was pleased with you.
You visited 1 branch of the dungeon, and saw 2 of its levels.
You visited the Abyss 1 time.

You collected 101 gold pieces.

Inventory:

Hand Weapons
 a - a +1 mace (weapon)
Missiles
 j - 8 stones
Armour
 b - a +0 leather armour (worn)
 k - a +0 pair of boots (worn)
Jewellery
 m - a ring of willpower (left hand)
Scrolls
 e - a scroll of blinking {unknown}
 h - a scroll of teleportation {unknown}
 i - a scroll of identify {unknown}
Potions
 c - 2 potions of mutation {unknown}
 d - a potion of ambrosia {unknown}
 f - a potion of might {unknown}
 g - a potion of cancellation {unknown}
 l - a potion of curing {unknown}
 n - a potion of degeneration {unknown}


   Skills:
 + Level 3.7 Fighting
 + Level 2.4 Maces & Flails
 + Level 2.7 Armour
 + Level 1.6 Dodging
 + Level 2.9 Invocations


You had 3 spell levels left.
You didn't know any spells.
Your spell library was empty.

Dungeon Overview and Level Annotations

Branches:
Dungeon (2/15)

Altars:

Annotations:
D:1 Terence


Innate Abilities, Weirdness & Mutations

You cannot be hasted, slowed, berserked, paralysed or teleported.
You can dig through walls and to a lower floor.
You have a pair of large antennae on your head. (SInv)
Your four strong arms can wield two-handed weapons with a shield.


Message History

You climb downwards.
Level annotation: Terence Terence hits you but does no damage.
Terence hits you with a +0 flail of venom!
You are poisoned.
There is a stone staircase leading up, spattered with blood here.
You hit Terence.
Terence is lightly wounded.
You feel very sick. Terence barely misses you.
You hit Terence but do no damage.
Terence is lightly wounded.
You feel very sick. Terence closely misses you.
You feel sick.
Terence hits you with a +0 flail of venom.
You climb upwards.
You feel sick.
There is a stone staircase leading down here.
You feel sick.
You feel sick.
You feel sick.
You feel sick.
You feel sick.
You are no longer poisoned.
Terence attacks as you move away! Terence barely misses you.
There is a large open door here.
There is a large open door here.
Terence attacks as you move away!
Terence hits you with a +0 flail of venom.
* * * LOW HITPOINT WARNING * * *
You are poisoned.
You feel sick.
There is an open door here.
Terence attacks as you move away!
Terence hits you with a +0 flail of venom.
* * * LOW HITPOINT WARNING * * *
x2 You feel sick.
* * * LOW HITPOINT WARNING * * *
You feel sick.
You die...

#########.#......... #########
#.........#......... #.......#
#.#########.........
#.......######.# #.........
#.......##...#.# #.#######)
#.>.....''...#.# #.# #.
#.......##...'.## #.# #.
#.......##...#@.#### #.# #.
#.......##...#..@..# #.# ##
.............#.###.#####.#
.............#........##.########
##'###...........................
#....#....########.##.##.########
#....#....# #.##.##.########
#.)..#....# #....##.#.......
#....#....# ###..##.#.######
#....#.#### ########..##.#.#.....


You could see Terence.

Vanquished Creatures
  An adder (D:2)
  A dart slug (D:1)
  A ball python (D:1)
  3 endoplasms (D:1)
  3 giant cockroaches (D:2)
  4 goblins (D:2)
  8 hobgoblins
  4 jackals (D:1)
  3 bats
  A frilled lizard (D:1)
  4 kobolds (D:1)
  2 rats (D:1)
35 creatures vanquished.

Vanquished Creatures (others)
  A plant (D:1)
1 creature vanquished.

Grand Total: 36 creatures vanquished

Notes
Turn   | Place    | Note
-------+----------+-------------------------------------------
     0 | Abyss:1  | Hiippo the Formicid Abyssal Knight began the quest for the
                  | Orb.
     0 | Abyss:1  | Reached XP level 1. HP: 18/18 MP: 2/2
     0 | D:1      | Escaped the Abyss
   136 | D:1      | Reached skill level 1 in Dodging
   206 | D:1      | Found a faded altar of an unknown god.
   548 | D:1      | Reached XP level 2. HP: 20/24 MP: 3/3
   805 | D:1      | Reached ** piety under Lugonu
  1134 | D:1      | Reached XP level 3. HP: 28/29 MP: 4/4
  1860 | D:2      | Reached XP level 4. HP: 37/37 MP: 6/6
  2097 | D:2      | Noticed Terence
  2267 | D:1      | HP: 1/37 [poisoned by Terence]
  2268 | D:1      | Succumbed to Terence's poison

Illustrated notes

Levels and vault maps discovered:
D:1:      lightli_arrival_chessboard, layout_basic,
          dreamdust_ecumenical_altar_grove, nrook_mini_vaults, hex_medium,
          chequers_serial_rivers_large_b
D:2:      layout_loops_ring, uniq_terence

Skill      XL: |  1 |
---------------+----+-----
Dodging        | 1 |  1.6
Fighting       | |  3.7
Maces & Flails | |  2.4
Armour         | |  2.7
Invocations    | |  2.9

Action                   |  1- 3 |  4- 6 || total
-------------------------+-------+-------++-------
Melee: Mace              |    79 |    15 ||    94
       Punch             |     1 |       ||     1
Invok: Depart the Abyss  |     1 |       ||     1
       Bend Space        |       |     1 ||     1
 Stab: Sleeping          |     1 |       ||     1
Armor: Leather armour    |    21 |     8 ||    29
Dodge: Dodged            |    54 |     8 ||    62
